 Dungeon Crawl Stone Soup version 0.27.1-1-g398f81649c (webtiles) character file.

Game seed: 151623433524019082

196 nxtlvl the Chopper (level 5, -4/45 HPs)
             Began as a Draconian Berserker on Sept 21, 2021.
             Was a Believer of Trog.
             Slain by Sigmund (12 damage)
             ... on level 4 of the Dungeon.
             The game lasted 00:07:51 (868 turns).

nxtlvl the Chopper (Draconian Berserker)             Turns: 868, Time: 00:07:51

Health: -4/45      AC:  5    Str: 20    XL:     5   Next: 45%
Magic:  5/5        EV: 12    Int:  7    God:    Trog [**....]
Gold:   153        SH:  0    Dex: 11    Spells: 4/4 levels left

rFire    . . .     SeeInvis .   a - +2 hand axe (vamp)
rCold    . . .     Faith    .   (no shield)
rNeg     . . .     Spirit   .   (armour unavailable)
rPois    .         Reflect  .   (helmet restricted)
rElec    .         Harm     .   (no cloak)
rCorr    .         Rampage  .   (no gloves)
Will     .....                  (no boots)
Stlth    +.........             (no amulet)
HPRegen  0.15/turn              (no ring)
MPRegen  0.09/turn              (no ring)

@: on berserk cooldown, slowed, very slow
A: AC +5, unfitting armour, cold-blooded
a: Renounce Religion, Berserk, Trog's Hand


You were on level 4 of the Dungeon.
You worshipped Trog.
Trog was pleased with you.
You visited 1 branch of the dungeon, and saw 4 of its levels.

You collected 153 gold pieces.

Inventory:

Hand Weapons
 a - a +2 vampiric hand axe (weapon)
 b - a +0 hunting sling
 A - a +0 battleaxe
Missiles
 f - 14 sling bullets
 g - 19 arrows
 k - 2 poisoned darts (quivered)
Wands
 j - a wand of flame (7)
Scrolls
 c - a scroll of amnesia {unknown}
 d - a scroll of enchant armour {unknown}
 e - a scroll of noise {unknown}
Potions
 h - a potion of cancellation
 i - 2 potions of heal wounds {unknown}
 l - 2 potions of brilliance {unknown}


   Skills:
 - Level 3.2 Fighting
 * Level 6.2 Axes
 - Level 2.6 Dodging


You had 4 spell levels left.
You didn't know any spells.
Your spell library was empty.

Dungeon Overview and Level Annotations

Branches:
Dungeon (4/15)
 Temple: D:4-7

Altars:
Uskayaw

Annotations:
D:4 Sigmund


Innate Abilities, Weirdness & Mutations

Your plain brown scales are hard. (AC +5)
You cannot fit into any form of body armour.
You are cold-blooded and may be slowed by cold attacks.


Message History

Found a whip.
You see here a +0 ring mail.
Sigmund the Dreaded comes into view.
He is wielding a +2 scythe of protection.
Sigmund shouts!
You see here a +0 whip.
Sigmund gestures at you while chanting.
You are confused.
It was a potion of cancellation.
Your magical effects are unravelling.
You feel magically purged.
You feel less confused. Sigmund gestures at you while chanting.
The puff of flame hits you!
A red film seems to cover your vision as you go berserk!
You feel yourself moving faster!
You feel mighty!
You feel a strong urge to attack something.
Sigmund mumbles some strange words.
Sigmund flickers and vanishes!
Deactivating autopickup; reactivate with Ctrl-A.
You completely miss something. You tail-slap something. You slash something!
Something hits you!
* * * LOW HITPOINT WARNING * * *
You closely miss something. You closely miss something.
You hear some strange, mumbled words.
You are confused.
You bump into the rock wall.
Something hits you.
* * * LOW HITPOINT WARNING * * *
You barely miss something. You closely miss something. You miss something.
Something hits you but does no damage.
You bump into the rock wall.
You miss something. Something hits you.
* * * LOW HITPOINT WARNING * * *
You bump into the rock wall.
You miss something.
You feel less confused.
You are no longer berserk.
You are exhausted.
You feel yourself slow down. Something hits you!
You die...

## ##.####### .#
#...{@)..# ###.#
#.######.###...#
#..#..#.##
##.[.....# #
##.##.#.#.###.
#.#..#.#.....
####.)....# #
###.#.##
...8####.#.#


There were no monsters in sight!

Vanquished Creatures
  A phantom (D:4)
  An iguana (D:2)
  A gnoll (D:1)
  2 adders (D:2)
  An adder skeleton (D:4)
  4 worms
  A dart slug (D:3)
  2 ball pythons (D:1)
  4 endoplasms
  3 giant cockroaches
  6 goblins
  6 hobgoblins
  3 jackals (D:1)
  7 kobolds
  2 quokkas (D:1)
  3 bats
  A frilled lizard (D:3)
  7 rats
55 creatures vanquished.

Notes
Turn   | Place    | Note
-------+----------+-------------------------------------------
     0 | D:1      | nxtlvl the Draconian Berserker began the quest for the Orb.
     0 | D:1      | Reached XP level 1. HP: 19/19 MP: 1/1
    37 | D:1      | Reached XP level 2. HP: 26/26 MP: 2/2
    42 | D:1      | Reached skill level 4 in Axes
   112 | D:1      | Reached XP level 3. HP: 25/31 MP: 3/3
   182 | D:1      | Reached ** piety under Trog
   391 | D:2      | Reached skill level 5 in Axes
   391 | D:2      | Reached XP level 4. HP: 27/38 MP: 4/4
   735 | D:4      | Noticed a phantom
   768 | D:4      | Killed a phantom
   769 | D:4      | Reached skill level 6 in Axes
   769 | D:4      | Reached XP level 5. HP: 12/45 MP: 5/5
   838 | D:4      | Found a hide-covered altar of Uskayaw.
   851 | D:4      | Noticed Sigmund
   868 | D:4      | Slain by Sigmund

Illustrated notes

Levels and vault maps discovered:
D:1:      onia_arrival_handbag, layout_rooms, minmay_shallow_snake_nest
D:2:      layout_rooms, serial_curves, eino_curves_04, eino_curves_02
D:3:      layout_basic, serial_shops, shop_coins
D:4:      layout_rooms, nicolae_overflow_hidden_temple, serial_corexii_hall,
          chequers_hall_statues_wall_a, chequers_hall_statues_wall_a,
          minivault_1, uniq_sigmund

Skill      XL: |  1  2  3  4 |
---------------+-------------+-----
Axes           | 4 5 6 |  6.2
Fighting       | |  3.2
Dodging        | |  2.6

Action                   |  1- 3 |  4- 6 || total
-------------------------+-------+-------++-------
Melee: Hand axe          |    48 |    55 ||   103
       Tailslap          |     9 |     7 ||    16
       Battleaxe         |    18 |       ||    18
Invok: Berserk           |     4 |     4 ||     8
  Use: Potion            |       |     1 ||     1
 Stab: Sleeping          |     2 |       ||     2
Armor: Skin              |    25 |    11 ||    36
Dodge: Dodged            |    45 |    18 ||    63
